 Dungeon Crawl Stone Soup version 0.23.1 (webtiles) character file.

Game seed: 0

205 night the Cleaver (level 5, -11/45 HPs)
             Began as a Hill Orc Monk on Mar 6, 2019.
             Was a Believer of Beogh.
             Mangled by an ogre
             ... wielding a +0 giant club
              (12 damage)
             ... on level 3 of the Dungeon.
             The game lasted 00:04:46 (2692 turns).

night the Cleaver (Hill Orc Monk)                   Turns: 2692, Time: 00:04:46

Health: -11/45     AC: 10    Str: 15    XL:     5   Next: 83%
Magic:  2/5        EV:  7    Int: 10    God:    Beogh [**....]
Gold:   113        SH:  0    Dex: 13    Spells: 4/4 levels left

rFire    . . .     SeeInvis .   a - +0 hand axe
rCold    + . .     Gourm    .   (no shield)
rNeg     . . .     Faith    .   l - +1 chain mail {rC+}
rPois    .         Spirit   .   g - +0 helmet
rElec    .         Reflect  .   (no cloak)
rCorr    .         Harm     .   (no gloves)
MR       .....                  (no boots)
Stlth    ..........             (no amulet)
HPRegen  0.15/turn              (no ring)
MPRegen  0.09/turn              (no ring)

@: no status effects
A: no striking features
a: Smiting, Renounce Religion


You were on level 3 of the Dungeon.
You worshipped Beogh.
Beogh was pleased with you.
You were not hungry.

You visited 1 branch of the dungeon, and saw 3 of its levels.

You collected 113 gold pieces.

Inventory:

Hand Weapons
 a - a +0 hand axe (weapon)
Missiles
 e - 10 arrows
 m - 15 bolts
Armour
 d - a +0 ring mail
 g - a +0 helmet (worn)
 l - a +1 chain mail of cold resistance (worn)
Scrolls
 b - 2 scrolls of magic mapping {unknown}
 i - a scroll of immolation {unknown}
 n - a scroll of amnesia {unknown}
 o - a scroll of fog {unknown}
Potions
 f - a potion of lignification {unknown}
 j - 2 potions of curing {unknown}
 k - a potion of heal wounds {unknown}
 p - a potion of brilliance {unknown}
Comestibles
 c - 4 rations
 h - 2 chunks of flesh


   Skills:
 - Level 3.6 Fighting
 + Level 8.3 Axes
 - Level 2.4 Dodging
 - Level 1.5 Stealth


You had 4 spell levels left.
You didn't know any spells.
Your spell library was empty.

Dungeon Overview and Level Annotations

Branches:
Dungeon (3/15)

Altars:
Zin

Shops:
D:2 *


Message History

The ogre is moderately wounded.
The ogre hits you with a +0 giant club!
You are too injured to fight recklessly!
You are too injured to fight recklessly!
You are too injured to fight recklessly!
You are too injured to fight recklessly!
You see here a glowing ruby potion.
You hit the ogre.
The ogre is moderately wounded.
The ogre hits you with a +0 giant club!
* * * LOW HITPOINT WARNING * * *
You hit the ogre.
The ogre is heavily wounded.
Aiming: Smiting
Press: ? - help, Dir - move target cursor, f - ogre Smite: an ogre, wielding a +0 giant club (heavily wounded)
You smite the ogre!
The ogre is severely wounded.
The ogre hits you with a +0 giant club!
You die...

.o###o#
#.#.###..[#.#...#
..# ..# #o#
#.#....###...###.
..# #.# #(#
#....#.#
#.#.#$#.# ..# #.#
#>#
##..(.†##.#.#.#
.. ..# #(#
#.(###..#.#.# ###
### #(#
##(#..÷#.#s# #(#
#.###..#S# #.#
#)...##O#.# #.#
#..#.#@#!#.# #.#
#....###...# #.#
#.###...#.#.. #.#
#.# .#.#$#.#.#
##.# #.. .. ### .
# #..# ##. ... ..
#.## # ... #.#
#.#


You could see an ogre, an adder and a giant cockroach.

Vanquished Creatures
  A phantom (D:2)
  2 adders
  4 oozes
  A worm (D:2)
  A dart slug (D:2)
  3 leopard geckos
  An orc (D:3)
  2 giant cockroaches (D:1)
  9 goblins
  3 hobgoblins
  14 jackals
  6 kobolds
  A quokka (D:2)
  2 ball pythons
  6 bats
  6 frilled lizards
  5 rats
67 creatures vanquished.

Notes
Turn   | Place    | Note
-------+----------+-------------------------------------------
     0 | D:1      | night the Hill Orc Monk began the quest for the Orb.
     0 | D:1      | Reached XP level 1. HP: 19/19 MP: 1/1
    94 | D:1      | Reached XP level 2. HP: 22/26 MP: 2/2
   246 | D:1      | Reached skill level 5 in Axes
   763 | D:1      | Reached XP level 3. HP: 25/31 MP: 3/3
  1447 | D:2      | Reached skill level 6 in Axes
  1590 | D:2      | Found Zin's Purification Station.
  1599 | D:2      | Found a glowing silver altar of Zin.
  1837 | D:2      | Reached XP level 4. HP: 36/39 MP: 4/4
  2061 | D:2      | Noticed a phantom
  2086 | D:2      | Killed a phantom
  2086 | D:2      | Reached skill level 7 in Axes
  2086 | D:2      | Reached XP level 5. HP: 27/45 MP: 5/5
  2248 | D:2      | Reached skill level 8 in Axes
  2467 | D:3      | Became a worshipper of Beogh the Brigand
  2467 | D:3      | Reached * piety under Beogh
  2467 | D:3      | Reached ** piety under Beogh
  2680 | D:3      | Noticed an ogre
  2690 | D:3      | HP: 1/45 [ogre/+0 giant club (17)]
  2692 | D:3      | Mangled by an ogre

Skill      XL: |  1  2  3  4  5 |
---------------+----------------+-----
Axes           | 5 6 7 8 |  8.3
Fighting       | |  3.6
Dodging        | |  2.4
Stealth        | |  1.5

Action                   |  1- 3 |  4- 6 || total
-------------------------+-------+-------++-------
Melee: Hand axe          |   151 |   115 ||   266
Invok: Smiting           |       |     1 ||     1
       Convert to Beogh  |       |     1 ||     1
 Stab: Sleeping          |     1 |       ||     1
  Eat: Chunk             |     3 |     3 ||     6
Armor: Ring mail         |    55 |       ||    55
       Chain mail        |       |    65 ||    65
Dodge: Dodged            |   103 |    39 ||   142
